 Dungeon Crawl Stone Soup version 0.31-a0-1074-g0b22e4e0f1 (webtiles) character file.

Game seed: 1356513559798869024

371 pokeman the Magician (level 6, -2/34 HPs)
             Began as a Deep Elf Hedge Wizard on Dec 7, 2023.
             Slain by a water moccasin (6 damage)
             ... on level 4 of the Dungeon.
             The game lasted 00:07:35 (3899 turns).

pokeman the Magician (Deep Elf Hedge Wizard)        Turns: 3899, Time: 00:07:36

Health: -2/34      AC:  3    Str:  7    XL:     6   Next: 42%
Magic:  5/17       EV: 13    Int: 21    God:
Gold:   117        SH:  0    Dex: 14    Spells: 9/17 levels left

rFire   . . .        i - +2 short sword (speed)
rCold   . . .        (no shield)
rNeg    . . .        b - +0 robe
rPois   .            c - +0 hat
rElec   .            f - +0 cloak
rCorr   .            (no gloves)
SInv    .            (no boots)
Will    .....        (no amulet)
Stlth   ++           (no ring)
HPRegen 0.25/turn    (no ring)
MPRegen 0.15/turn

%: no passive effects
@: lethally poisoned (-2 -> -11), on blink cooldown
A: no striking features
a: no special abilities


You were on level 4 of the Dungeon.
You visited 1 branch of the dungeon, and saw 4 of its levels.

You collected 117 gold pieces.

Inventory:

Hand Weapons
 i - a +2 short sword of speed (weapon)
Armour
 b - a +0 robe (worn)
 c - a +0 hat (worn)
 f - a +0 cloak (worn)
Magical Staves
 n - a staff of cold
 r - a staff of fire
Scrolls
 a - 2 scrolls of identify {unknown}
 j - a scroll of acquirement {unknown}
 l - a scroll of enchant armour {unknown}
 m - a scroll of fog {unknown}
 o - a scroll of fear {unknown}
 p - a scroll of immolation {unknown}
 q - a scroll of brand weapon {unknown}
Potions
 d - a potion of magic
 e - a potion of enlightenment {unknown}
 g - a potion of attraction {unknown}
 h - a potion of brilliance {unknown}
 k - a potion of curing {unknown}


   Skills:
 - Level 1.0 Fighting
 - Level 1.0 Armour
 - Level 3.0 Dodging
 - Level 3.0 Stealth
 * Level 6.2 Spellcasting
 + Level 5.2 Conjurations
 - Level 1.1 Summonings
 - Level 1.1 Translocations
 + Level 0.0 Fire Magic
 + Level 0.0 Ice Magic
 + Level 0.1 Air Magic
 + Level 0.0 Poison Magic
 + Level 0.7 Evocations


You had 9 spell levels left.
You knew the following spells:

 Your Spells              Type           Power      Damage    Failure   Level
a - Magic Dart            Conj           100%       1d8       1%          1
b - Mephitic Cloud        Conj/Pois/Air  13%        N/A       14%         3
c - Call Imp              Summ           22%        N/A       10%         2
d - Blink                 Tloc           22%        N/A       10%         2

Your spell library contained the following spells:

 Spells                   Type           Power      Damage    Failure   Level
 Summon Small Mammal      Summ           44%        N/A       6%          1
 Slow                     Hex            24%        N/A       10%         1
 Cigotuvi's Dreadful Rot  Necr/Pois/Air  12%        N/A       14%         2
 Call Canine Familiar     Summ           11%        N/A       19%         3
 Summon Guardian Golem    Hex/Summ       8%         N/A       22%         3


Dungeon Overview and Level Annotations

Branches:
Dungeon (4/15)
 Temple: D:4-7

Altars:
Hepliaklqana
Okawaru


Message History

The magic dart hits the water moccasin.
The water moccasin is almost dead.
The water moccasin bites you.
Unknown command.
Casting: Magic Dart (safe; 1% risk of failure)
Confirm with . or Enter, or press ? or * to list all spells.
Aiming: Magic Dart (safe; 1% risk of failure)
Press: ? - help, Shift-Dir - straight line, f/p - water moccasin
Aim: a water moccasin (almost dead, 100% to hit)
The magic dart hits the water moccasin but does no damage.
The water moccasin is almost dead.
The water moccasin barely misses you. The water moccasin bites you!
Unknown command.
Casting: Magic Dart (safe; 1% risk of failure)
Confirm with . or Enter, or press ? or * to list all spells.
Aiming: Magic Dart (safe; 1% risk of failure)
Press: ? - help, Shift-Dir - straight line, f/p - water moccasin
Aim: a water moccasin (almost dead, 100% to hit)
The magic dart hits the water moccasin.
The water moccasin is almost dead.
The water moccasin misses you.
Unknown command.
Casting: Magic Dart (safe; 1% risk of failure)
Confirm with . or Enter, or press ? or * to list all spells.
Aiming: Magic Dart (safe; 1% risk of failure)
Press: ? - help, Shift-Dir - straight line, f/p - water moccasin
Aim: a water moccasin (almost dead, 100% to hit)
The magic dart hits the water moccasin.
The water moccasin is almost dead.
The water moccasin bites you!
* * * LOW HITPOINT WARNING * * *
You are lethally poisoned!
The water moccasin poisons you!
Casting: Magic Dart (safe; 1% risk of failure)
Confirm with . or Enter, or press ? or * to list all spells.
You blink.
* * * LOW HITPOINT WARNING * * *
You feel very sick. The water moccasin bites you.
You die...

#.######.#
#.)......#
#######..#
#..# #..#
#########..#
#.ยง........#
#S#######.##
#@# #.# #.#
#.# #.# #.#
..# #.# %.#
#.# ..## #.#
##


You could see a water moccasin.

Vanquished Creatures
  Sigmund (D:2)
  4 gnolls (D:4)
  6 adders
  A white imp (D:3)
  3 worms
  3 dart slugs
  12 orcs
  11 endoplasms
  7 giant cockroaches
  10 goblins
  4 hobgoblins
  7 jackals
  7 kobolds
  3 quokkas
  7 ball pythons
  3 bats
  5 frilled lizards
  7 rats
101 creatures vanquished.

Notes
Turn   | Place    | Note
-------+----------+-------------------------------------------
     0 | D:1      | pokeman the Deep Elf Hedge Wizard began the quest for the
                  | Orb.
     0 | D:1      | Reached XP level 1. HP: 10/10 MP: 7/7
   234 | D:1      | Reached XP level 2. HP: 15/15 MP: 2/9
   703 | D:1      | Reached skill level 5 in Spellcasting
  1065 | D:2      | Reached XP level 3. HP: 20/20 MP: 5/11
  1082 | D:2      | Learned a level 3 spell: Mephitic Cloud
  1085 | D:2      | Learned a level 2 spell: Call Imp
  1088 | D:2      | Learned a level 2 spell: Blink
  1385 | D:2      | Reached skill level 1 in Fighting
  1385 | D:2      | Reached skill level 1 in Armour
  1552 | D:2      | Noticed Sigmund
  1566 | D:2      | Killed Sigmund
  1567 | D:2      | Reached XP level 4. HP: 21/25 MP: 7/13
  1567 | D:2      | Reached XP level 5. HP: 24/29 MP: 7/14
  2279 | D:3      | Reached skill level 5 in Conjurations
  2563 | D:3      | Found a hazy altar of Hepliaklqana.
  2793 | D:3      | Reached XP level 6. HP: 34/34 MP: 13/16
  2835 | D:3      | Found an iron altar of Okawaru.
  3372 | D:4      | Reached skill level 6 in Spellcasting
  3886 | D:4      | Noticed a water moccasin
  3899 | D:4      | Slain by a water moccasin

Illustrated notes

Levels and vault maps discovered:
D:1:      mushboom_english_gardens, layout_rooms, chequers_jeans
D:2:      layout_basic, minmay_between, uniq_sigmund
D:3:      layout_loops_ring, mainiacjoe_overflow_cross_hatched,
          nicolae_hepliaklqana_hippocampus, minmay_misc_feat_five,
          minmay_misc_feat_four_crosses
D:4:      layout_loops_ring

Skill      XL: |  1  2  3  4  5  6 |
---------------+-------------------+-----
Spellcasting   | 5 6 |  6.2
Fighting       | 1 |  1.0
Armour         | 1 |  1.0
Conjurations   | 4 5 |  5.2
Stealth        | 3 |  3.0
Dodging        | 3 |  3.0
Summonings     | |  1.1
Translocations | |  1.1
Air Magic      | |  0.1
Evocations     | |  0.7

Action                     |  1- 3 |  4- 6 || total
---------------------------+-------+-------++-------
  Melee: Dagger            |     4 |       ||     4
         Short sword       |    18 |    17 ||    35
         Punch             |     1 |       ||     1
   Cast: Magic Dart        |    98 |   168 ||   266
         Mephitic Cloud    |     1 |       ||     1
         Blink             |       |     1 ||     1
   Stab: Confused          |     2 |       ||     2
 Armour: Robe              |    13 |    29 ||    42
  Dodge: Dodged            |    21 |    27 ||    48

Table legend: (Time is in decaauts)
 A = Elapsed time spent in this place.
 B = Non-inter-level travel time spent in this place.
 C = Inter-level travel time spent in this place.
 D = Time resting spent in this place.
 E = Time spent auto-exploring this place.
 F = Levels seen in this place.
 G = Mean time per level.
                   A        B        C        D        E       F      G
               +--------+--------+--------+--------+--------+-----+--------+
         Total |   3886 |   3830 |     56 |      2 |   3339 |   4 |  971.5 |
       Dungeon |   3886 |   3830 |     56 |      2 |   3339 |   4 |  971.5 |
               +--------+--------+--------+--------+--------+-----+--------+

Top non-repeatable levels by time:
     D:3: 1213 daAuts
     D:2: 1064 daAuts
     D:1: 1059 daAuts
     D:4: 549 daAuts
